 Dungeon Crawl Stone Soup version 0.19.3-4-gbf9329e (webtiles) character file.

200 Thrall1 the Ruffian (level 5, -1/53 HPs)
             Began as a Troll Monk on Jan 27, 2017.
             Slain by a worker ant (3 damage)
             ... on level 5 of the Dungeon.
             The game lasted 00:14:29 (2155 turns).

Thrall1 the Ruffian (Troll Monk)                    Turns: 2155, Time: 00:14:30

Health: -1/53      AC:  5    Str: 19    XL:     5   Next: 49%
Magic:  4/4        EV: 11    Int: 11    God:
Gold:   63         SH:  0    Dex: 13    Spells: 0 memorised, 4 levels left

rFire  . . .     SeeInvis .     m - +2 dagger (elec)
rCold  . . .     Gourm    +     a - +0 robe
rNeg   . . .     Faith    .     (no shield)
rPois  .         Spirit   .     (helmet restricted)
rElec  .         Reflect  .     (no cloak)
rCorr  .         Harm     .     (gloves unavailable)
MR     .....                    (boots unavailable)
Stlth  ++........               (no amulet)
                                (no ring)
                                (no ring)

@: brilliant, lethally poisoned (-1 -> -2)
A: unfitting armour, claws 3, fast metabolism 3, gourmand, regeneration 1,
shaggy fur 1, tough skin 2
a: no special abilities


You were on level 5 of the Dungeon.
You were not hungry.

You visited 1 branch of the dungeon, and saw 4 of its levels.

You collected 63 gold pieces.

Inventory:

Hand Weapons
 c - a +0 dagger
 f - a +0 club
 h - a +0 club
 j - a +0 dagger
 m - a +2 dagger of electrocution (weapon)
 n - a +0 war axe
 o - a +0 club
 q - a +0 dagger
 r - a +0 dagger
 u - a +0 flail
 z - a +0 club
Missiles
 g - 49 arrows
 s - 23 bolts
 v - 26 stones (quivered)
Armour
 a - a +0 robe (worn)
 e - a cursed -1 ring mail
 k - a +0 robe
 p - a +0 leather armour
 y - a +1 ring mail of fire resistance
Scrolls
 i - a scroll of amnesia {unknown}
 l - a scroll of enchant weapon {unknown}
 t - a scroll of noise {unknown}
 x - a scroll of teleportation {unknown}
Potions
 w - a potion of mutation {unknown}
Comestibles
 b - a bread ration


   Skills:
 + Level 3.2 Fighting
 + Level 1.5 Short Blades
 + Level 3.5 Dodging
 + Level 1.0 Stealth
 + Level 4.1 Unarmed Combat


You had 4 spell levels left.
You didn't know any spells.

Dungeon Overview and Level Annotations

Branches:
Dungeon (5/15)
 Temple: D:4-7

Altars:


Innate Abilities, Weirdness & Mutations

You are too large for most types of armour.
You have claws for hands.
Your metabolism is lightning-fast.
You like to eat raw meat.
Your natural rate of healing is unusually fast.
You are covered in fur. (AC +1)
You have very tough skin. (AC +2)


Message History

The sky beast flickers out of sight!
Deactivating autopickup; reactivate with Ctrl-A.
A quokka comes into view.
You feel sick. The worker ant barely misses you.
There is a stone staircase leading down here.
You are too injured to fight recklessly!
You can't go up here!
The worker ant bites you.
* * * LOW HITPOINT WARNING * * *
You are more poisoned.
The worker ant poisons you!
You feel sick. The quokka zombie closely misses you.
You feel sick.
You feel sick.
The ogre shouts!
The quokka zombie closely misses you. The ogre barely misses you.
There is a stone staircase leading up here.
The worker ant bites you.
You die...

...........#..........#
.......... #.......####
.........####.....##
...................#
...................#
#(##>...........#
#.....{#.#.....##
.##...rZ#........#
#.......a@O####.#...
###..#.....# .....
##.#..#### ###.. #....#
...#..# ##(.... #.....
#....


You could see an ogre, a worker ant, a quokka zombie and a quokka.

Vanquished Creatures
  A howler monkey (D:5)
  A jelly (D:5)
  A hound (D:5)
  6 adders
  3 dart slugs
  5 goblins
  3 hobgoblins (D:2)
  14 jackals
  A quokka (D:2)
  4 bats
  2 frilled lizards (D:1)
  A kobold (D:2)
  A leopard gecko skeleton (D:4)
  4 rats
47 creatures vanquished.

Notes
Turn   | Place    | Note
-------+----------+-------------------------------------------
     0 | D:1      | Thrall1 the Troll Monk began the quest for the Orb.
     0 | D:1      | Reached XP level 1. HP: 22/22 MP: 0/0
    50 | D:1      | Reached XP level 2. HP: 27/29 MP: 1/1
   551 | D:2      | Reached XP level 3. HP: 36/36 MP: 2/2
   842 | D:2      | Reached XP level 4. HP: 40/45 MP: 3/3
  1570 | D:2      | You fall through a shaft for 2 floors!
  2096 | D:5      | Entered Level 5 of the Dungeon
  2103 | D:5      | Reached skill level 4 in Unarmed Combat
  2115 | D:5      | Reached skill level 1 in Short Blades
  2115 | D:5      | Reached XP level 5. HP: 38/53 MP: 4/4
  2119 | D:5      | Noticed a sky beast
  2145 | D:5      | Noticed an ogre
  2152 | D:5      | HP: 2/53 [poisoned by a worker ant]
  2155 | D:5      | Slain by a worker ant

Skill      XL: |  1  2  3  4 |
---------------+-------------+-----
Dodging        | 3 |  3.5
Fighting       | 3 |  3.2
Unarmed Combat | 4 |  4.1
Short Blades   | 1 |  1.5
Stealth        | |  1.0

Action                   |  1- 3 |  4- 6 || total
-------------------------+-------+-------++-------
Melee: Unarmed           |    41 |       ||    41
       Dagger            |    45 |    54 ||    99
  Use: Potion            |     1 |     2 ||     3
  Eat: Chunk             |     4 |       ||     4
       Bread ration      |       |     3 ||     3
Armor: Robe              |    32 |    13 ||    45
Dodge: Dodged            |    45 |    43 ||    88
